 Dungeon Crawl Stone Soup version 0.21.0-25-ge575cb9 (webtiles) character file.

203 Mgcat the Insei (level 5, -3/37 HPs)
             Began as a Merfolk Transmuter on Jan 23, 2018.
             Slain by an adder (4 damage)
             ... on level 3 of the Dungeon.
             The game lasted 00:04:23 (3037 turns).

Mgcat the Insei (Merfolk Transmuter)                Turns: 3037, Time: 00:04:24

Health: -3/37      AC:  2    Str: 10    XL:     5   Next: 81%
Magic:  9/9        EV: 13    Int: 14    God:
Gold:   96         SH:  0    Dex: 14    Spells: 4/10 levels left

rFire    . . .     SeeInvis .     - Unarmed
rCold    . . .     Gourm    .   (no shield)
rNeg     . . .     Faith    .   b - +0 robe
rPois    .         Spirit   .   (no helmet)
rElec    .         Reflect  .   (no cloak)
rCorr    .         Harm     .   (no gloves)
MR       .....                  (no boots)
Stlth    +.........             (no amulet)
HPRegen  0.12/turn              (no ring)
MPRegen  0.11/turn              (no ring)

@: lethally poisoned (-3 -> -17)
A: change form in water, swift swim, stealthy swim
a: no special abilities


You were on level 3 of the Dungeon.
You were near starving.

You visited 1 branch of the dungeon, and saw 3 of its levels.

You collected 96 gold pieces.

Inventory:

Missiles
 a - 43 arrows
Armour
 b - a +0 robe (worn)
Scrolls
 f - a scroll of noise {unknown}
 h - 2 scrolls of teleportation {unknown}
 j - a scroll of fog {unknown}
 l - a scroll of remove curse {unknown}
 n - 2 scrolls of identify {unknown}
 p - a scroll of enchant weapon {unknown}
Potions
 e - 2 potions of curing {unknown}
 g - a potion of resistance {unknown}
 i - 2 potions of heal wounds {unknown}
 k - a potion of agility {unknown}
 m - a potion of might {unknown}
Books
 c - a book of Changes

   Spells                             Type                      Level
   a - Beastly Appendage              Transmutation                1
   b - Sticks to Snakes               Transmutation                2
   c - Spider Form                    Transmutation/Poison         3
   d - Ice Form                       Ice/Transmutation            4
   e - Blade Hands                    Transmutation                5
 o - a book of Minor Magic

   Spells                             Type                      Level
   a - Magic Dart                     Conjuration                  1
   b - Blink                          Translocation                2
   c - Call Imp                       Summoning                    2
   d - Slow                           Hexes                        2
   e - Conjure Flame                  Conjuration/Fire             3
   f - Mephitic Cloud                 Conjuration/Poison/Air       3
Comestibles
 d - 2 rations


   Skills:
 - Level 1.1 Fighting
 - Level 2.6 Dodging
 - Level 5.0 Unarmed Combat
 + Level 3.0 Spellcasting
 + Level 4.2 Transmutations
 + Level 2.4 Poison Magic


You had 4 spell levels left.
You knew the following spells:

 Your Spells              Type           Power        Failure   Level  Hunger
a - Beastly Appendage     Tmut           ##....       3%          1    #......
b - Sticks to Snakes      Tmut           ##......     5%          2    ##.....
c - Spider Form           Tmut/Pois      ##........   17%         3    ###....


Dungeon Overview and Level Annotations

Branches:
Dungeon (3/15)

Altars:
Kikubaaqudgha
Vehumet


Message History

The adder poisons you! The ball python barely misses you.
The ball python grabs you.
You stop ascending the stairs.
The ball python constricts you.
Unknown command.
You closely miss the adder.
* * * LOW HITPOINT WARNING * * *
You feel sick. The adder bites you.
* * * LOW HITPOINT WARNING * * *
You are more poisoned.
The adder poisons you! The ball python barely misses you.
The ball python constricts you. The goblin barely misses you.
The jackal bites you.
* * * LOW HITPOINT WARNING * * *
Unknown command.
You hit the ball python.
You kill the ball python!
Your Spellcasting skill increases to level 3!
* * * LOW HITPOINT WARNING * * *
You feel sick. The adder bites you.
You die...

#. ..###...#
#.##.....$..
#.........##
#...........
#...........
#...........
#..g†h......
#...@S......
#..........#
#?..........
#.......[...
#...######..
#### #


You could see an adder, a jackal and a goblin.

Vanquished Creatures
  Sigmund (D:2)
  A worm (D:2)
  A dart slug (D:2)
  5 leopard geckos
  7 bats (D:1)
  A giant cockroach (D:2)
  4 goblins
  6 hobgoblins (D:1)
  A ball python (D:3)
  5 frilled lizards
  5 kobolds
  10 rats
47 creatures vanquished.

Vanquished Creatures (others)
  A rat (D:2)
1 creature vanquished.

Grand Total: 48 creatures vanquished

Notes
Turn   | Place    | Note
-------+----------+-------------------------------------------
     0 | D:1      | Mgcat the Merfolk Transmuter began the quest for the Orb.
     0 | D:1      | Reached XP level 1. HP: 15/15 MP: 3/3
   334 | D:1      | Reached XP level 2. HP: 21/21 MP: 5/5
   372 | D:1      | Reached skill level 4 in Unarmed Combat
   995 | D:1      | Reached XP level 3. HP: 18/26 MP: 6/6
  1551 | D:1      | Learned a level 2 spell: Sticks to Snakes
  1555 | D:1      | Learned a level 3 spell: Spider Form
  1589 | D:2      | Noticed Sigmund
  2085 | D:2      | Reached skill level 5 in Unarmed Combat
  2191 | D:2      | Found a radiant altar of Vehumet.
  2353 | D:2      | Killed Sigmund
  2353 | D:2      | Reached XP level 4. HP: 11/32 MP: 6/8
  2353 | D:2      | Reached XP level 5. HP: 13/37 MP: 6/9
  2593 | D:2      | Found a faded altar of an unknown god.
  2940 | D:2      | Found an ancient bone altar of Kikubaaqudgha.
  3037 | D:3      | HP: 1/37 [poisoned by an adder]
  3037 | D:3      | Slain by an adder

Skill      XL: |  1  2  3  4  5 |
---------------+----------------+-----
Unarmed Combat | 4 5 |  5.0
Transmutations | 4 |  4.2
Poison Magic   | 2 |  2.4
Spellcasting   | 3 |  3.0
Fighting       | |  1.1
Dodging        | |  2.6

Action                   |  1- 3 |  4- 6 || total
-------------------------+-------+-------++-------
Melee: Unarmed           |   147 |    10 ||   157
       Punch             |     3 |       ||     3
       Headbutt          |     1 |       ||     1
 Cast: Beastly Appendage |     2 |       ||     2
 Stab: Sleeping          |     1 |       ||     1
  Eat: Chunk             |     5 |       ||     5
Armor: Robe              |    17 |       ||    17
Dodge: Dodged            |    84 |    13 ||    97
